 Dungeon Crawl Stone Soup version 0.18-b1-2-gd0c887e (webtiles) character file.

1401 Icer the Blocker (level 8, -22/73 HPs)
             Began as a Minotaur Fighter on Apr 28, 2016.
             Was a Priest of Qazlal.
             Annihilated by an orc warrior
             ... wielding a +0 halberd
              (25 damage)
             ... on level 6 of the Dungeon.
             The game lasted 01:02:27 (4315 turns).

Icer the Blocker (Minotaur Fighter)                 Turns: 4315, Time: 01:02:27

Health: -22/73     AC:  7    Str: 23    XL:     8   Next: 41%
Magic:  8/8        EV:  8    Int:  5    God:    Qazlal [***...]
Gold:   293        SH: 15    Dex: 10    Spells: 0 memorised, 7 levels left

rFire  . . .     SeeInvis .     w - +2 mace (holy)
rCold  . . .     Gourm    .     D - +0 scale mail (curse)
rNeg   . . .     Faith    .     c - +0 shield
rPois  .         Spirit   .     (helmet restricted)
rElec  .         Dismiss  .     (no cloak)
rCorr  .         Reflect  .     (no gloves)
SustAt .         Harm     .     (no boots)
MR     .....                    (no amulet)
Stlth  ..........               (no ring)
                                (no ring)

@: drained, not resistant to hostile enchantments, extremely unstealthy
A: retaliatory headbutt, horns 2
a: Upheaval, Elemental Force, Renounce Religion


You were on level 6 of the Dungeon.
You worshipped Qazlal.
Qazlal was most pleased with you.
You were not hungry.

You visited 1 branch of the dungeon, and saw 6 of its levels.

You collected 293 gold pieces.

Inventory:

Hand Weapons
 a - a +0 flail
 m - a +0 whip
 w - a +2 mace of holy wrath (weapon)
Armour
 b - a +0 scale mail
 c - a +0 shield (worn)
 e - a +0 chain mail
 y - a +0 ring mail
 C - the +3 leather armour of Marbles {+Inv +Fly Str-2}
   (You found it on level 5 of the Dungeon)

   It affects your strength (-2).
   It lets you turn invisible.
   It lets you fly.
 D - a cursed +0 scale mail (worn)
Wands
 u - a wand of flame (29/48)
Scrolls
 g - 5 scrolls of recharging {unknown}
 j - 4 scrolls of teleportation {unknown}
 k - 3 scrolls of enchant armour {unknown}
 q - 5 scrolls of enchant weapon {unknown}
 r - 2 scrolls of remove curse {unknown}
 x - a scroll of random uselessness {unknown}
 B - 2 scrolls of identify {unknown}
Potions
 d - a potion of might
 i - 4 potions of flight {unknown}
 n - 4 potions of curing {unknown}
 o - 2 potions of haste {unknown}
 p - a potion of cure mutation
 s - a potion of degeneration {unknown}
 t - a potion of mutation {unknown}
 E - a potion of ambrosia {unknown}
 F - a potion of brilliance {unknown}
Books
 G - a book of Geomancy

   Spells                             Type                      Level
   a - Sandblast                      Earth                        1
   b - Passwall                       Transmutation/Earth          2
   c - Stone Arrow                    Conjuration/Earth            3
   d - Petrify                        Transmutation/Earth          4
   e - Lee's Rapid Deconstruction     Earth                        5
Miscellaneous
 h - a plain deck of defence
Comestibles
 f - 2 bread rations
 l - 3 slices of pizza
 v - a beef jerky
 A - 10 fruits


   Skills:
 + Level 7.4(7.1) Fighting
 + Level 5.4(5.1) Maces & Flails
 + Level 5.7(5.4) Armour
 - Level 0.3(0.0) Stealth
 * Level 8.5(8.1) Shields
 * Level 2.1(1.8) Invocations


You had 7 spell levels left.
You didn't know any spells.

Dungeon Overview and Level Annotations

Branches:
Dungeon (6/15)
 Temple: D:4-7

Altars:
Dithmenos
Makhleb
Nemelex Xobeh
Qazlal
Xom
Zin


Innate Abilities, Weirdness & Mutations

You reflexively headbutt those who attack you in melee.
You have a pair of horns on your head.


Message History

Your shield and scale mail prevent you from hitting the orc warrior.
The orc warrior is moderately wounded.
You hear a croak.
The orc warrior hits you with a halberd!!
* * * LOW HITPOINT WARNING * * *
You are too injured to fight recklessly!
You are too injured to fight recklessly!
You are too injured to fight recklessly!
You hit the orc warrior but do no damage.
The orc warrior is moderately wounded.
The orc warrior hits you but does no damage.
A giant frog comes into view.
Your shield and scale mail prevent you from hitting the orc warrior.
The orc warrior is moderately wounded.
You hear a bark!
The orc warrior hits you with a halberd!
* * * LOW HITPOINT WARNING * * *
It was a potion of cure mutation.
It has a very clean taste.
The orc warrior hits you with a halberd!!
You die...

#....(...........##.....
#....#......############
#....#......#
#....##.....##8.
#....##.....##... #
..#....#..###.#_... .>
..........# #.##.... .#
..........# #.##8... 8#
##.(..F.h@###.# ##8#
###....§o)#..# ##
#...........#
....##......## ...##
##......# ... #...#...#
##..##..# #..# #... #..#
#..


You could see an orc warrior, a giant frog and a jackal.

Vanquished Creatures
  An ice beast (D:5)
  A phantom (D:5)
  A centaur (D:6)
  Blork the orc (D:4)
  A giant frog (D:6)
  A scorpion (D:5)
  4 wights (D:6)
  3 hounds
  A quasit (D:5)
  3 orc priests
  Natasha (thrice) (D:3)
  8 orc wizards
  2 worker ants
  Robin (D:4)
  11 adders
  A shadow imp (D:6)
  An ooze (D:1)
  An adder skeleton (D:6)
  6 worms
  2 dart slugs (D:2)
  3 giant geckos
  15 orcs
  2 ball pythons
  8 bats
  4 giant cockroaches
  13 goblins
  13 hobgoblins
  6 jackals
  5 kobolds
  A quokka (D:5)
  2 giant newts (D:2)
  8 rats
133 creatures vanquished.

Notes
Turn   | Place    | Note
--------------------------------------------------------------
     0 | D:1      | Icer the Minotaur Fighter began the quest for the Orb.
     0 | D:1      | Reached XP level 1. HP: 19/19 MP: 0/0
   211 | D:1      | Reached XP level 2. HP: 27/27 MP: 1/1
   567 | D:2      | Reached skill level 4 in Shields
   567 | D:2      | Reached XP level 3. HP: 29/33 MP: 2/2
   701 | D:2      | Found a shadowy altar of Dithmenos.
   915 | D:2      | Found a faded altar to an unknown god.
   944 | D:2      | Became a worshipper of Qazlal Stormbringer
   944 | D:2      | Reached * piety under Qazlal
  1152 | D:2      | Reached XP level 4. HP: 41/41 MP: 3/3
  1421 | D:3      | Found a sparkling altar of Nemelex Xobeh.
  1575 | D:3      | Found a stormy altar of Qazlal.
  1627 | D:3      | Noticed Natasha
  1629 | D:3      | Killed Natasha
  1735 | D:3      | Noticed Natasha
  1748 | D:3      | Killed Natasha
  1748 | D:3      | Reached skill level 5 in Shields
  1748 | D:3      | Reached XP level 5. HP: 40/47 MP: 4/4
  1868 | D:3      | Noticed Natasha
  1872 | D:3      | Killed Natasha
  1878 | D:3      | Reached ** piety under Qazlal
  2121 | D:4      | Reached skill level 5 in Fighting
  2225 | D:4      | Noticed Robin
  2236 | D:4      | Killed Robin
  2237 | D:4      | Reached XP level 6. HP: 48/56 MP: 5/5
  2589 | D:4      | Noticed Blork the orc
  2600 | D:4      | Killed Blork the orc
  2600 | D:4      | Reached skill level 6 in Shields
  2607 | D:4      | Reached skill level 5 in Armour
  3120 | D:5      | Entered Level 5 of the Dungeon
  3127 | D:5      | Reached XP level 7. HP: 62/62 MP: 6/6
  3166 | D:5      | Found a glowing silver altar of Zin.
  3179 | D:5      | Reached skill level 7 in Shields
  3180 | D:5      | Reached *** piety under Qazlal
  3229 | D:5      | Got a transparent leather armour
  3243 | D:5      | Identified the +3 leather armour of Marbles {+Inv +Fly Str-2} (You found it on level 5 of the Dungeon)
  3303 | D:5      | Found a shimmering altar of Xom.
  3478 | D:5      | Reached skill level 5 in Maces & Flails
  3478 | D:5      | Reached XP level 8. HP: 25/73 MP: 7/7
  3983 | D:6      | Reached skill level 8 in Shields
  4193 | D:6      | Reached skill level 1 in Invocations
  4282 | D:6      | Found a burning altar of Makhleb.
  4314 | D:6      | HP: 3/73 [orc warrior/halberd (17)]
  4315 | D:6      | Annihilated by an orc warrior

Skill      XL: |  1  2  3  4  5  6  7  8 |
---------------+-------------------------+-----
Armour         | 4 5 |  5.7
Shields        | 4 5 6 7 8 |  8.5
Fighting       | 4 5 7 |  7.4
Maces & Flails | 3 4 5 |  5.4
Invocations    | 2 |  2.1
Stealth        | |  0.3

Action                   |  1- 3 |  4- 6 |  7- 9 || total
-------------------------+-------+-------+-------++-------
Melee: Flail             |    94 |    31 |       ||   125
       Headbutt          |    12 |    18 |    27 ||    57
       Mace              |       |   102 |   124 ||   226
  Use: Potion            |       |     2 |     2 ||     4
  Eat: Meat ration       |       |     1 |     1 ||     2
       Bread ration      |       |     1 |       ||     1
Armor: Scale mail        |    49 |    35 |    33 ||   117
       Chain mail        |       |       |     3 ||     3
Dodge: Dodged            |    25 |    41 |    23 ||    89
Block: Shield            |    45 |    82 |    89 ||   216
